 Dungeon Crawl Stone Soup version 0.31-a0-845-g9abc20d24f (webtiles) character file.

Game seed: 14992973735766104577

169 demibob the Ruffian (level 5, 0/40 HPs)
             Began as a Draconian Chaos Knight on Oct 2, 2023.
             Was a Plaything of Xom.
             Succumbed to Blork the orc's poison
             ... on level 4 of the Dungeon.
             The game lasted 00:03:06 (1874 turns).

demibob the Ruffian (Draconian Chaos Knight)        Turns: 1874, Time: 00:03:06

Health: 0/40       AC:  5    Str: 12    XL:     5   Next: 25%
Magic:  5/5        EV: 17    Int: 13    God:    Xom [...*..]
Gold:   85         SH:  0    Dex: 12    Spells: 4/4 levels left

rFire   . . .        a - +0 lajatang
rCold   . . .        (shield currently unavailable)
rNeg    . . .        (body armour unavailable)
rPois   .            (helmet restricted)
rElec   .            (no cloak)
rCorr   .            (no gloves)
SInv    .            (no boots)
Will    +....        (no amulet)
Stlth   +            E - +5 ring of evasion
HPRegen 0.26/turn    (no ring)
MPRegen 0.09/turn

%: no passive effects
@: mighty, brilliant, lethally poisoned (0 -> -2), enlightened, flying
A: AC +5, unfitting armour, cold-blooded, big wings, frail 1, weak 1
a: Renounce Religion


You were on level 4 of the Dungeon.
You worshipped Xom.
You were a favourite toy of Xom.
You visited 1 branch of the dungeon, and saw 5 of its levels.

You collected 85 gold pieces.


Innate Abilities, Weirdness & Mutations

Your plain brown scales are hard. (AC +5)
You cannot fit into any form of body armour.
You are cold-blooded and may be slowed by cold attacks.
Your large and strong wings let you fly.
You are frail. (-10% HP)
You are weak. (Str -2)


   Skills:
 - Level 3.2 Fighting
 + Level 3.9 Staves
 - Level 2.1 Dodging
 - Level 4.3 Unarmed Combat


You had 4 spell levels left.
You didn't know any spells.
Your spell library was empty.

Inventory:

Hand Weapons
 a - a +0 lajatang (weapon)
Armour
 i - a +0 pair of boots
Jewellery
 E - a +5 ring of evasion (left hand)
Scrolls
 f - a scroll of butterflies
 h - a scroll of brand weapon {unknown}
 j - 2 scrolls of teleportation {unknown}
 k - a scroll of fog {unknown}
 l - a scroll of blinking {unknown}

Dungeon Overview and Level Annotations

Branches:
Dungeon (5/15)
 Temple: D:4-7

Altars:
Sif Muna

Annotations:
D:4 Eustachio

### ...# ....######
.........#
.........#######
................
..##..@.....#
#.###@#####. #.#
#)# #.# #.#
#.###.#####.#
.#####...........#
............#######
.....######## #.##


You could see Eustachio.


Message History

The iron imp closely misses you.
You slash the iron imp!
You kill the iron imp!
The iron imp disappears in a puff of smoke!
* * * LOW HITPOINT WARNING * * *
You feel very sick.
You closely miss the quokka.
Your tail-slap misses the quokka.
The quokka is moderately wounded.
* * * LOW HITPOINT WARNING * * *
You feel very sick.
Eustachio gestures wildly while chanting.
Eustachio blinks!
The quokka closely misses you. x2
You slash the quokka!
You kill the quokka!
The quokka's corpse disappears in a puff of smoke!
* * * LOW HITPOINT WARNING * * *
You feel sick.
You aren't carrying any potions.
Unknown command.
You are too injured to fight recklessly!
* * * LOW HITPOINT WARNING * * *
You feel sick.
Things that are here:
a +0 hand axe of venom; a +0 robe; the orc corpse of Blork the orc
* * * LOW HITPOINT WARNING * * *
You feel sick. Eustachio closely misses you.
You slice Eustachio!!
Eustachio is severely wounded.
You die...
Xom bursts into laughter!

Skill      XL: |  1  2  3  4 |
---------------+-------------+-----
Unarmed Combat | 4 |  4.3
Staves         | 2 3 |  3.9
Fighting       | |  3.2
Dodging        | |  2.1

Action                     |  1- 3 |  4- 6 || total
---------------------------+-------+-------++-------
  Melee: Unarmed           |    88 |    25 ||   113
         Tailslap          |     8 |    11 ||    19
         Punch             |     1 |     1 ||     2
         Lajatang          |       |    54 ||    54
    Use: Scroll            |     1 |     1 ||     2
         Potion            |       |     5 ||     5
   Stab: Sleeping          |       |     2 ||     2
 Armour: Skin              |    38 |    35 ||    73
  Dodge: Dodged            |    51 |    82 ||   133

Levels and vault maps discovered:
D:1:      saegor_arrival_miasma, layout_loops_ring
D:2:      layout_basic, uniq_jessica
D:3:      layout_loops_cross, mainiacjoe_overflow_boulevard,
          mainiacjoe_overflow_concentric_impassable,
          dreamdust_ecumenical_altar_angels_and_demons
D:4:      layout_loops_ring, grunt_temple_overflow_open,
          kennysheep_generic_room_12, uniq_ijyb, uniq_robin, uniq_blork_the_orc,
          uniq_eustachio
D:5:      layout_gridville, minmay_temple_entry_statues_pillars,
          nicolae_wooded_promenade

Notes
Turn   | Place    | Note
-------+----------+-------------------------------------------
     0 | D:1      | demibob the Draconian Chaos Knight began the quest for the
                  | Orb.
     0 | D:1      | Reached XP level 1. HP: 19/19 MP: 1/1
   213 | D:1      | XOM: silly message
   314 | D:1      | Reached XP level 2. HP: 26/26 MP: 2/2
   786 | D:2      | Reached skill level 4 in Unarmed Combat
   846 | D:2      | Reached XP level 3. HP: 31/31 MP: 3/3
  1063 | D:2      | Reached skill level 1 in Staves
  1143 | D:2      | Noticed Jessica
  1155 | D:2      | Killed Jessica
  1156 | D:2      | Reached skill level 2 in Staves
  1156 | D:2      | Reached XP level 4. HP: 28/38 MP: 4/4
  1303 | D:2      | XOM: give mutations
  1303 | D:2      | Gained mutation: You are weak. (Str -2) [Xom's mischief]
  1303 | D:2      | Gained mutation: You are frail. (-10% HP) [Xom's mischief]
  1303 | D:2      | Gained mutation: Your large and strong wings let you fly.
                  | [Xom's mischief]
  1517 | D:2      | XOM: divination: magic mapping
  1652 | D:3      | Found a shimmering blue altar of Sif Muna.
  1732 | D:3      | You are sucked into a shaft and drop 2 floors!
  1732 | D:5      | Entered Level 5 of the Dungeon
  1797 | D:4      | Noticed Robin
  1810 | D:4      | Killed Robin
  1810 | D:4      | XOM: blink monster(s)
  1811 | D:4      | Reached skill level 3 in Staves
  1828 | D:4      | Noticed Eustachio
  1828 | D:4      | XOM: 2-stop teleportation journey
  1853 | D:4      | Noticed Blork the orc
  1857 | D:4      | XOM: noise
  1863 | D:4      | XOM: destruction
  1866 | D:4      | Killed Blork the orc
  1867 | D:4      | Reached XP level 5. HP: 17/40 MP: 5/5
  1870 | D:4      | HP: 4/40 [poisoned by Blork the orc]
  1872 | D:4      | HP: 1/40 [poisoned by Blork the orc]
  1874 | D:4      | Succumbed to Blork the orc's poison

Vanquished Creatures
  Blork the orc (D:4)
  Jessica (D:2)
  Robin (D:4)
  3 adders (D:2)
  A worm (D:3)
  3 dart slugs
  An orc (D:3)
  4 endoplasms
  A giant cockroach (D:2)
  13 goblins
  5 hobgoblins
  3 kobolds
  2 quokkas
  2 bats
  A frilled lizard (D:3)
  4 rats
46 creatures vanquished.

Table legend: (Time is in decaauts)
 A = Elapsed time spent in this place.
 B = Non-inter-level travel time spent in this place.
 C = Inter-level travel time spent in this place.
 D = Time resting spent in this place.
 E = Time spent auto-exploring this place.
 F = Levels seen in this place.
 G = Mean time per level.
                   A        B        C        D        E       F      G
               +--------+--------+--------+--------+--------+-----+--------+
         Total |   1886 |   1813 |     73 |     78 |   1389 |   5 |  377.2 |
       Dungeon |   1886 |   1813 |     73 |     78 |   1389 |   5 |  377.2 |
               +--------+--------+--------+--------+--------+-----+--------+

Top non-repeatable levels by time:
     D:2: 975 daAuts
     D:1: 607 daAuts
     D:3: 140 daAuts
     D:4: 139 daAuts
     D:5: 23 daAuts

Table legend:
 A = Non-vault XP
 B = Vault XP
 C = Vault XP percentage of total XP
 D = Non-vault monster count
 E = Vault monster count
 F = Vault count percentage of total count
                 A         B        C        D         E       F
            +---------+---------+-------+---------+---------+-------
      Total |     101 |     141 |  58.3 |      33 |      13 |  28.3
            +---------+---------+-------+---------+---------+-------
        D:1 |      16 |       0 |   0.0 |       9 |       0 |   0.0
        D:2 |      70 |      37 |  34.6 |      18 |       1 |   5.3
        D:3 |       9 |       0 |   0.0 |       3 |       0 |   0.0
        D:4 |       6 |     104 |  94.5 |       3 |      12 |  80.0
            +---------+---------+-------+---------+---------+-------
